| TOP OF THE 1ST |
|
Mobile Bears batting - Pitching for Asheville Tourists : RHP Jayden Britz
|
|
Pitching: RHP Jayden Britz
|
|
|
Batting: LHB Jeffrey Szczecinski
|
0-0: Called Strike 0-1: Called Strike 0-2: Ball 1-2: Ball 2-2: Ball 3-2: DOUBLE (Line Drive, 89M, EV 107.5 MPH)
|
|
Batting: LHB Ken Smith
|
0-0: Foul Ball, location: 2F 0-1: Ball 1-1: Ball 2-1: Ball 3-1: Called Strike 3-2: Fly out, F4 (Popup, 4S, EV 81.3 MPH)
|
|
Batting: LHB Franklin Stubbs
|
0-0: Ball 1-0: Called Strike 1-1: Called Strike 1-2: Strikes out looking
|
|
Batting: SHB Dave Cochrane
|
0-0: Ball 1-0: Foul Ball, location: 2F 1-1: 2-RUN HOME RUN (Flyball, 9D, EV 98.8 MPH), Distance : 359 ft
|
|
Batting: RHB Jose Aguirre
|
0-0: Foul Ball, location: 2F 0-1: Foul Ball, location: 2F 0-2: Ball 1-2: Strikes out swinging, 2-3 out at first.
|
| Top of the 1st over - 2 runs, 2 hits, 0 errors, 0 left on base; Mobile 2 - Asheville 0 |
| BOTTOM OF THE 1ST |
|
Asheville Tourists batting - Pitching for Mobile Bears : LHP Robert Konopa
|
|
Pitching: LHP Robert Konopa
|
|
|
Batting: RHB Ulises Infante
|
0-0: Foul Ball, location: 2F 0-1: Called Strike 0-2: Ball 1-2: Strikes out looking
|
|
Batting: SHB Wayne Simmons
|
0-0: Ground out 6-3 (Groundball, 6, EV 85.0 MPH)
|
|
Batting: LHB Mike Aldrete
|
0-0: Ball 1-0: Foul Ball, location: 2F 1-1: Ball 2-1: Ball 3-1: Base on Balls
|
|
Batting: RHB Wes Robbins
|
0-0: Called Strike 0-1: Ball 1-1: Called Strike 1-2: Strikes out looking
|
| Bottom of the 1st over - 0 runs, 0 hits, 0 errors, 1 left on base; Mobile 2 - Asheville 0 |
| TOP OF THE 2ND |
|
Mobile Bears batting - Pitching for Asheville Tourists : RHP Jayden Britz
|
|
Batting: RHB Alfred Welch
|
0-0: Foul Ball, location: 2F 0-1: Ball 1-1: Called Strike 1-2: Strikes out looking
|
|
Batting: RHB Walter Steele
|
0-0: Called Strike 0-1: Foul Ball, location: 2F 0-2: Fly out, F9 (Flyball, 9LM, EV 108.1 MPH)
|
|
Batting: RHB Rick Stromer
|
0-0: Ball 1-0: Ball 2-0: Foul Ball, location: 2F 2-1: SINGLE (Groundball, 4M, EV 89.4 MPH) (infield hit)
|
|
Batting: RHB Jim Opie
|
0-0: Ball 1-0: Called Strike 1-1: Fly out, F7 (Flyball, 7S, EV 91.9 MPH)
|
| Top of the 2nd over - 0 runs, 1 hit, 0 errors, 1 left on base; Mobile 2 - Asheville 0 |
| BOTTOM OF THE 2ND |
|
Asheville Tourists batting - Pitching for Mobile Bears : LHP Robert Konopa
|
|
Batting: LHB Donald Mazzilli
|
0-0: Ball 1-0: Fly out, F8 (Line Drive, 8LM, EV 88.1 MPH)
|
|
Batting: RHB Gareth Ledbetter
|
0-0: Foul Ball, location: 2F 0-1: Foul Ball, location: 2F 0-2: Foul Ball, location: 2F 0-2: Strikes out swinging
|
|
Batting: LHB Elias Nava
|
0-0: Ball 1-0: Swinging Strike 1-1: Foul Ball, location: 2F 1-2: Strikes out swinging
|
| Bottom of the 2nd over - 0 runs, 0 hits, 0 errors, 0 left on base; Mobile 2 - Asheville 0 |
| TOP OF THE 3RD |
|
Mobile Bears batting - Pitching for Asheville Tourists : RHP Jayden Britz
|
|
Batting: LHB Jeffrey Szczecinski
|
0-0: Ground out 4-3 (Groundball, 4, EV 103.1 MPH)
|
|
Batting: LHB Ken Smith
|
0-0: Ball 1-0: Swinging Strike 1-1: Foul Ball, location: 2F 1-2: Foul Ball, location: 2F 1-2: Ball 2-2: Ball 3-2: Strikes out swinging
|
|
Batting: LHB Franklin Stubbs
|
0-0: Ball 1-0: Called Strike 1-1: Called Strike 1-2: Ground out 6-3 (Groundball, 56, EV 82.5 MPH)
|
| Top of the 3rd over - 0 runs, 0 hits, 0 errors, 0 left on base; Mobile 2 - Asheville 0 |
| BOTTOM OF THE 3RD |
|
Asheville Tourists batting - Pitching for Mobile Bears : LHP Robert Konopa
|
|
Batting: RHB Mike Garcia
|
0-0: Ball 1-0: Ball 2-0: Swinging Strike 2-1: Fly out, F4 (Flyball, 34D, EV 78.1 MPH)
|
|
Batting: RHB Scott Thayer
|
0-0: Called Strike 0-1: Foul Ball, location: 2F 0-2: Ball 1-2: Foul Ball, location: 2F 1-2: Ground out 4-3 (Groundball, 4MS, EV 71.9 MPH)
|
|
Batting: RHB Ulises Infante
|
0-0: Ball 1-0: Ball 2-0: Ball 3-0: Base on Balls
|
|
Batting: SHB Wayne Simmons
|
0-0: Ball 1-0: Ball 2-0: Fielders Choice at 2nd, 5-4 (Groundball, 56, EV 88.1 MPH)
|
| Bottom of the 3rd over - 0 runs, 0 hits, 0 errors, 1 left on base; Mobile 2 - Asheville 0 |
| TOP OF THE 4TH |
|
Mobile Bears batting - Pitching for Asheville Tourists : RHP Jayden Britz
|
|
Batting: SHB Dave Cochrane
|
0-0: SINGLE (Line Drive, 78S, EV 95.0 MPH)
|
|
Batting: RHB Jose Aguirre
|
0-0: Swinging Strike 0-1: Called Strike 0-2: Ball 1-2: Foul Ball, location: 2F 1-2: Ball 2-2: Strikes out looking
|
|
Batting: RHB Alfred Welch
|
0-0: Swinging Strike 0-1: Foul Ball, location: 2F 0-2: Foul Ball, location: 2F 0-2: Strikes out swinging
|
|
Batting: RHB Walter Steele
|
0-0: Ball 1-0: Swinging Strike 1-1: Ball 2-1: Foul Ball, location: 2F 2-2: Ball 3-2: Strikes out looking
|
| Top of the 4th over - 0 runs, 1 hit, 0 errors, 1 left on base; Mobile 2 - Asheville 0 |
| BOTTOM OF THE 4TH |
|
Asheville Tourists batting - Pitching for Mobile Bears : LHP Robert Konopa
|
|
Batting: LHB Mike Aldrete
|
0-0: Foul Ball, location: 2F 0-1: Ball 1-1: Ball 2-1: Fly out, F9 (Flyball, 9, EV 79.4 MPH)
|
|
Batting: RHB Wes Robbins
|
0-0: Foul Ball, location: 2F 0-1: Foul Ball, location: 2F 0-2: Strikes out swinging
|
|
Batting: LHB Donald Mazzilli
|
0-0: Ball 1-0: Ball 2-0: Ball 3-0: Called Strike 3-1: Base on Balls
|
|
Batting: RHB Gareth Ledbetter
|
0-0: Ball 1-0: Ground out 4-3 (Groundball, 4, EV 80.6 MPH)
|
| Bottom of the 4th over - 0 runs, 0 hits, 0 errors, 1 left on base; Mobile 2 - Asheville 0 |
| TOP OF THE 5TH |
|
Mobile Bears batting - Pitching for Asheville Tourists : RHP Jayden Britz
|
|
Batting: RHB Rick Stromer
|
0-0: Called Strike 0-1: Foul Ball, location: 2F 0-2: Strikes out looking
|
|
Batting: RHB Jim Opie
|
0-0: Called Strike 0-1: SINGLE (Groundball, 6M, EV 97.5 MPH) (infield hit)
|
|
Batting: LHB Jeffrey Szczecinski
|
0-0: Foul Ball, location: 2F 0-1: Ball 1-1: Foul Ball, location: 2F 1-2: Foul Ball, location: 2F 1-2: Foul Ball, location: 2F 1-2: Ball 2-2: Foul Ball, location: 2F 2-2: Ball 3-2: Fly out, F8 (Line Drive, 8LM, EV 106.9 MPH)
|
|
Batting: LHB Ken Smith
|
0-0: Called Strike 0-1: Called Strike 0-2: Ball 1-2: Ball 2-2: Strikes out swinging
|
| Top of the 5th over - 0 runs, 1 hit, 0 errors, 1 left on base; Mobile 2 - Asheville 0 |
| BOTTOM OF THE 5TH |
|
Asheville Tourists batting - Pitching for Mobile Bears : LHP Robert Konopa
|
|
Batting: LHB Elias Nava
|
0-0: Called Strike 0-1: Fly out, F2 (Popup, 2L, EV 89.4 MPH)
|
|
Batting: RHB Mike Garcia
|
0-0: Called Strike 0-1: Foul Ball, location: 2F 0-2: Foul Ball, location: 2F 0-2: Strikes out swinging
|
|
Batting: RHB Scott Thayer
|
0-0: Ball 1-0: Swinging Strike 1-1: Ball 2-1: Fly out, F8 (Flyball, 8RXD, EV 101.9 MPH)
|
| Bottom of the 5th over - 0 runs, 0 hits, 0 errors, 0 left on base; Mobile 2 - Asheville 0 |
| TOP OF THE 6TH |
|
Mobile Bears batting - Pitching for Asheville Tourists : RHP Jayden Britz
|
|
Batting: LHB Franklin Stubbs
|
0-0: Called Strike 0-1: Foul Ball, location: 2F 0-2: SOLO HOME RUN (Flyball, 7LD, EV 91.3 MPH), Distance : 368 ft
|
|
Batting: SHB Dave Cochrane
|
0-0: Ball 1-0: Foul Ball, location: 2F 1-1: Ball 2-1: Swinging Strike 2-2: Strikes out swinging
|
|
Batting: RHB Jose Aguirre
|
0-0: Ball 1-0: Ball 2-0: Called Strike 2-1: Ground out 2-3 (Groundball, 2L, EV 67.5 MPH)
|
|
Batting: RHB Alfred Welch
|
0-0: Ball 1-0: Called Strike 1-1: Swinging Strike 1-2: Strikes out swinging
|
| Top of the 6th over - 1 run, 1 hit, 0 errors, 0 left on base; Mobile 3 - Asheville 0 |
| BOTTOM OF THE 6TH |
|
Asheville Tourists batting - Pitching for Mobile Bears : LHP Robert Konopa
|
|
Batting: RHB Ulises Infante
|
0-0: Foul Ball, location: 2F 0-1: Ball 1-1: Ball 2-1: Swinging Strike 2-2: Ball 3-2: Ground out 1-3 (Groundball, 15S, EV 62.5 MPH)
|
|
Batting: SHB Wayne Simmons
|
0-0: Called Strike 0-1: Ball 1-1: Fly out, F8 (Flyball, 8LM, EV 88.8 MPH)
|
|
Batting: LHB Mike Aldrete
|
0-0: Ball 1-0: Foul Ball, location: 2F 1-1: Ball 2-1: Foul Ball, location: 2F 2-2: Foul Ball, location: 2F 2-2: Ball 3-2: Base on Balls
|
|
Batting: RHB Wes Robbins
|
0-0: Ball 1-0: Ball 2-0: Ball 3-0: Base on Balls Mike Aldrete to second
|
|
Batting: LHB Donald Mazzilli
|
0-0: Ball 1-0: Ball 2-0: Ball 3-0: Base on Balls Mike Aldrete to third Wes Robbins to second
|
|
Batting: RHB Gareth Ledbetter
|
0-0: Foul Ball, location: 2F 0-1: Swinging Strike 0-2: Ball 1-2: Ball 2-2: Foul Ball, location: 2F 2-2: Ground out 4-3 (Groundball, 4, EV 109.4 MPH)
|
| Bottom of the 6th over - 0 runs, 0 hits, 0 errors, 3 left on base; Mobile 3 - Asheville 0 |
| TOP OF THE 7TH |
|
Mobile Bears batting - Pitching for Asheville Tourists : RHP Jayden Britz
|
|
Batting: RHB Walter Steele
|
0-0: Fly out, F8 (Flyball, 8LS, EV 95.0 MPH)
|
|
Batting: RHB Rick Stromer
|
0-0: Ball 1-0: Ball 2-0: Ball 3-0: Called Strike 3-1: Base on Balls
|
|
Batting: RHB Jim Opie
|
0-0: Ball 1-0: Ball 2-0: Ball 3-0: Called Strike 3-1: Called Strike 3-2: Foul Ball, location: 2F 3-2: Foul Ball, location: 2F 3-2: Foul Ball, location: 2F 3-2: Base on Balls Rick Stromer to second
|
|
Batting: LHB Jeffrey Szczecinski
|
0-0: Called Strike 0-1: Ball 1-1: Fielders Choice at 2nd, 3-6 (Groundball, 3S, EV 80.0 MPH) Rick Stromer to third
|
|
Batting: LHB Ken Smith
|
0-0: Called Strike 0-1: Ball 1-1: Fly out, F6 (Popup, 6D, EV 67.5 MPH)
|
| Top of the 7th over - 0 runs, 0 hits, 0 errors, 2 left on base; Mobile 3 - Asheville 0 |
| BOTTOM OF THE 7TH |
|
Asheville Tourists batting - Pitching for Mobile Bears : LHP Robert Konopa
|
|
Batting: LHB Elias Nava
|
0-0: Foul Ball, location: 2F 0-1: Ball 1-1: Foul Ball, location: 2F 1-2: Ball 2-2: Foul Ball, location: 2F 2-2: Ball 3-2: Foul Ball, location: 2F 3-2: Base on Balls
|
|
Batting: RHB Mike Garcia
|
0-0: Called Strike 0-1: Ball 1-1: Bunted foul 1-2: Strikes out swinging
|
|
Batting: RHB Scott Thayer
|
0-0: Ball 1-0: Swinging Strike 1-1: Ball 2-1: Grounds into double play, 5-4-3 (Groundball, 56, EV 79.4 MPH)
|
| Bottom of the 7th over - 0 runs, 0 hits, 0 errors, 0 left on base; Mobile 3 - Asheville 0 |
| TOP OF THE 8TH |
|
Mobile Bears batting - Pitching for Asheville Tourists : RHP Jayden Britz
|
|
Batting: LHB Franklin Stubbs
|
0-0: Called Strike 0-1: Ground out 4-3 (Groundball, 4M, EV 80.6 MPH)
|
|
Batting: SHB Dave Cochrane
|
0-0: Called Strike 0-1: Called Strike 0-2: Foul Ball, location: 2F 0-2: Ball 1-2: Foul Ball, location: 2F 1-2: Ball 2-2: Strikes out swinging
|
|
Batting: RHB Jose Aguirre
|
0-0: Ball 1-0: Foul Ball, location: 2F 1-1: Swinging Strike 1-2: SINGLE (Line Drive, 6D, EV 95.0 MPH)
|
|
Batting: RHB Alfred Welch
|
0-0: Ball 1-0: Called Strike 1-1: 2-RUN HOME RUN (Flyball, 89XD, EV 100.6 MPH), Distance : 433 ft
|
|
Pitching: RHP Mickey Replogle
|
|
|
Batting: RHB Walter Steele
|
0-0: Ball 1-0: Called Strike 1-1: Fly out, F9 (Line Drive, 9, EV 95.0 MPH)
|
| Top of the 8th over - 2 runs, 2 hits, 0 errors, 0 left on base; Mobile 5 - Asheville 0 |
| BOTTOM OF THE 8TH |
|
Asheville Tourists batting - Pitching for Mobile Bears : LHP Robert Konopa
|
|
Batting: RHB Ulises Infante
|
0-0: Ground out 5-3 (Groundball, 56, EV 82.5 MPH)
|
|
Batting: SHB Wayne Simmons
|
0-0: Ball 1-0: Ground out 1-3 (Groundball, 15S, EV 68.8 MPH)
|
|
Batting: LHB Mike Aldrete
|
0-0: Called Strike 0-1: Swinging Strike 0-2: Ball 1-2: Ball 2-2: SINGLE (Line Drive, 8LS, EV 108.1 MPH)
|
|
Batting: RHB Wes Robbins
|
0-0: Called Strike 0-1: Foul Ball, location: 2F 0-2: Ball 1-2: Ball 2-2: Ball 3-2: SINGLE (Line Drive, 4D, EV 96.3 MPH) Mike Aldrete to second Mike Aldrete to third
|
|
Batting: LHB Donald Mazzilli
|
0-0: Ground out U3 (Groundball, 3L, EV 83.8 MPH)
|
| Bottom of the 8th over - 0 runs, 2 hits, 0 errors, 2 left on base; Mobile 5 - Asheville 0 |
| TOP OF THE 9TH |
|
Mobile Bears batting - Pitching for Asheville Tourists : RHP Mickey Replogle
|
|
Batting: RHB Rick Stromer
|
0-0: Ball 1-0: Swinging Strike 1-1: Ball 2-1: Ball 3-1: Swinging Strike 3-2: Foul Ball, location: 2F 3-2: Foul Ball, location: 2F 3-2: Strikes out swinging, 2-3 out at first.
|
|
Batting: RHB Jim Opie
|
0-0: Fly out, F8 (Flyball, 8LXD, EV 109.4 MPH)
|
|
Batting: LHB Jeffrey Szczecinski
|
0-0: Called Strike 0-1: Foul Ball, location: 2F 0-2: Ball 1-2: Ground out 6-3 (Groundball, 6, EV 101.3 MPH)
|
| Top of the 9th over - 0 runs, 0 hits, 0 errors, 0 left on base; Mobile 5 - Asheville 0 |
| BOTTOM OF THE 9TH |
|
Asheville Tourists batting - Pitching for Mobile Bears : LHP Robert Konopa
|
|
Batting: RHB Gareth Ledbetter
|
0-0: SOLO HOME RUN (Flyball, 7D, EV 103.8 MPH), Distance : 374 ft
|
|
Batting: LHB Elias Nava
|
0-0: Ball 1-0: Called Strike 1-1: Ball 2-1: Foul Ball, location: 2F 2-2: DOUBLE (Groundball, 5L, EV 103.8 MPH)
|
|
Batting: RHB Mike Garcia
|
0-0: Called Strike 0-1: Foul Ball, location: 2F 0-2: Foul Ball, location: 2F 0-2: Fly out, F8 (Flyball, 8RM, EV 84.4 MPH)
|
|
Batting: RHB Scott Thayer
|
0-0: Called Strike 0-1: Ball 1-1: Swinging Strike 1-2: Strikes out swinging
|
|
Batting: RHB Ulises Infante
|
0-0: Called Strike 0-1: Fly out, F9 (Flyball, 9D, EV 86.9 MPH)
|
| Bottom of the 9th over - 1 run, 2 hits, 0 errors, 1 left on base; Mobile 5 - Asheville 1 |
|